 Dungeon Crawl Stone Soup version 0.22-a0-15-g4f60a598d5 (webtiles) character file.

138 Kaname the Conjurer (level 5, 0/35 HPs)
             Began as a Demonspawn Wizard on Jan 2, 2018.
             Was an Initiate of Vehumet.
             Succumbed to a scorpion's poison
             ... on level 2 of the Dungeon.
             The game lasted 00:06:21 (1348 turns).

Kaname the Conjurer (Demonspawn Wizard)             Turns: 1348, Time: 00:06:21

Health: 0/35       AC:  2    Str:  8    XL:     5   Next: 1%
Magic:  5/9        EV: 17    Int: 20    God:    Vehumet [......]
Gold:   109        SH:  0    Dex: 16    Spells: 4/10 levels left

rFire    . . .     SeeInvis .   m - +0 trident
rCold    . . .     Gourm    .   (no shield)
rNeg     . . .     Faith    .   a - +0 robe
rPois    .         Spirit   +   b - +0 hat
rElec    .         Reflect  .   (no cloak)
rCorr    .         Harm     .   (no gloves)
MR       .....                  (no boots)
Stlth    +++.......             (no amulet)
HPRegen  0.11/turn              o - ring of wizardry
MPRegen  0.22/turn              (no ring)

@: agile, lethally poisoned (0 -> -4), very slightly contaminated, invisible
A: claws 1, magic shield, magic regeneration
a: Renounce Religion


You were on level 2 of the Dungeon.
You worshipped Vehumet.
Vehumet was noncommittal.
You were near starving.

You visited 1 branch of the dungeon, and saw 2 of its levels.

You collected 109 gold pieces.

Inventory:

Hand Weapons
 m - a +0 trident (weapon)
Armour
 a - a +0 robe (worn)
 b - a +0 hat (worn)
Jewellery
 o - a ring of wizardry (left claw)
Scrolls
 e - a scroll of teleportation {unknown}
 f - 2 scrolls of identify {unknown}
 g - 4 scrolls of blinking {unknown}
 h - a scroll of fog {unknown}
 j - a scroll of remove curse {unknown}
 n - a scroll of enchant weapon {unknown}
 p - 3 scrolls of magic mapping {unknown}
Potions
 k - a potion of magic
Books
 c - a book of Minor Magic

   Spells                             Type                      Level
   a - Magic Dart                     Conjuration                  1
   b - Blink                          Translocation                2
   c - Call Imp                       Summoning                    2
   d - Slow                           Hexes                        2
   e - Conjure Flame                  Conjuration/Fire             3
   f - Mephitic Cloud                 Conjuration/Poison/Air       3
Comestibles
 d - a ration


   Skills:
 - Level 1.7 Dodging
 - Level 1.7 Stealth
 - Level 3.0 Spellcasting
 + Level 4.4 Conjurations
   Level 1.0 Summonings
 - Level 1.0 Translocations
 - Level 1.0 Air Magic
 - Level 1.0 Poison Magic


You had 4 spell levels left.
You knew the following spells:

 Your Spells              Type           Power        Failure   Level  Hunger
a - Magic Dart            Conj           ###.         1%          1    None
b - Blink                 Tloc           N/A          6%          2    ##.....
c - Mephitic Cloud        Conj/Pois/Air  ##......     8%          3    ###....


Dungeon Overview and Level Annotations

Branches:
Dungeon (2/15)

Altars:
Vehumet


Innate Abilities, Weirdness & Mutations

You have sharp fingernails.
When hurt, damage is shared between your health and your magic reserves.
You regenerate magic rapidly.


Message History

Confirm with . or Enter, or press ? or * to list all spells.
Aiming: Magic Dart
Press: ? - help, Shift-Dir - straight line, f/p - scorpion
Aim: a scorpion (almost dead)
The magic dart hits the scorpion.
The scorpion is almost dead.
Casting: Magic Dart
Confirm with . or Enter, or press ? or * to list all spells.
Aiming: Magic Dart
Press: ? - help, Shift-Dir - straight line, f/p - scorpion
Aim: a scorpion (almost dead)
The magic dart hits the scorpion.
You kill the scorpion!
Vehumet accepts your kill.
Your Conjurations skill increases to level 4!
You have reached level 5!
You feel monstrous as your demonic heritage exerts itself.
Your demonic ancestry asserts itself...
Your fingernails lengthen.
You die...

#.####.#.## ##.r.......#
#.# #.###.# #..###'###..#
#.# ##.#.## #.##.....##.#
#.# ##.## ##.#..#.#..#.#
#.# #.# #..+.#)#%#.+$#
#.#####.######.r#..#.#..#
.
#.<.............##.....##
.
........#.####...###+###
.####.###.# #.#@.......
.# ##.###.# #.#....####
.###.#.##<# #.####.....
.##.###.#(####.# .####
..†## ##....##.# #
..#.###.#.#.##.#
..##.#.##.#.##.#
..###.###.#.##.# ..# #.#
#.#.##.####.#


You could see a rat.

Vanquished Creatures
  A scorpion (D:2)
  3 adders (D:2)
  An adder skeleton (D:2)
  A worm (D:2)
  4 dart slugs
  A leopard gecko (D:1)
  An orc (D:2)
  A ball python (D:1)
  3 giant cockroaches (D:2)
  7 goblins
  5 kobolds
  6 bats
  2 frilled lizards (D:2)
  10 rats
46 creatures vanquished.

Notes
Turn   | Place    | Note
-------+----------+-------------------------------------------
     0 | D:1      | Kaname the Demonspawn Wizard began the quest for the Orb.
     0 | D:1      | Reached XP level 1. HP: 13/13 MP: 4/4
    40 | D:1      | Noticed a black bear
    40 | D:1      | Noticed a water moccasin
    40 | D:1      | Noticed a swamp drake
   142 | D:1      | Reached skill level 2 in Conjurations
   182 | D:1      | Gained mutation: When hurt, damage is shared between your health and your magic reserves. [demonic ancestry]
   182 | D:1      | Reached XP level 2. HP: 17/19 MP: 3/6
   186 | D:1      | Learned a level 2 spell: Blink
   524 | D:1      | Reached skill level 3 in Conjurations
   552 | D:1      | Gained mutation: You regenerate magic rapidly. [demonic ancestry]
   552 | D:1      | Reached XP level 3. HP: 24/24 MP: 4/7
   557 | D:1      | Learned a level 3 spell: Mephitic Cloud
   657 | D:1      | Reached skill level 1 in Translocations
   812 | D:2      | Reached skill level 1 in Poison Magic
   950 | D:2      | Reached skill level 1 in Air Magic
  1022 | D:2      | Found a radiant altar of Vehumet.
  1030 | D:2      | Became a worshipper of Vehumet
  1126 | D:2      | Reached XP level 4. HP: 30/30 MP: 2/8
  1346 | D:2      | HP: 1/30 [poisoned by a scorpion]
  1348 | D:2      | Reached skill level 4 in Conjurations
  1348 | D:2      | Gained mutation: You have sharp fingernails. [demonic ancestry]
  1348 | D:2      | Reached XP level 5. HP: 1/35 MP: 5/9
  1348 | D:2      | Succumbed to a scorpion's poison

Vault maps used:
D:1:      onia_arrival_zoo_common, minivault_11
D:2:      overflow_temple_1_default, minmay_box_of_dots

Skill      XL: |  1  2  3  4 |
---------------+-------------+-----
Conjurations   | 2 3 4 |  4.4
Translocations | 1 |  1.0
Poison Magic   | 1 |  1.0
Air Magic      | 1 |  1.0
Dodging        | |  1.7
Stealth        | |  1.7
Spellcasting   | |  3.0
Summonings     | |  1.0

Action                   |  1- 3 |  4- 6 || total
-------------------------+-------+-------++-------
Melee: Dagger            |    32 |       ||    32
       Trident           |    28 |    14 ||    42
 Cast: Magic Dart        |    76 |    19 ||    95
       Mephitic Cloud    |       |     2 ||     2
       Blink             |       |     2 ||     2
  Use: Potion            |       |     3 ||     3
 Stab: Sleeping          |     2 |       ||     2
       Confused          |       |     1 ||     1
Armor: Robe              |    17 |       ||    17
Dodge: Dodged            |    38 |     6 ||    44

Table legend:
 A = Spawn XP
 B = Non-spawn XP
 C = Spawn XP percentage of total XP
 D = Spawn monster count
 E = Non-spawn monster count
 F = Spawn count percentage of total count
 G = Total turns spent on level
                    A         B        C        D         E        F      G
               +---------+---------+-------+---------+---------+-------+---------
         Total |       0 |     198 |   0.0 |       0 |      46 |   0.0 |  1348
               +---------+---------+-------+---------+---------+-------+---------
           D:1 |       0 |      46 |   0.0 |       0 |      23 |   0.0 |   805
           D:2 |       0 |     152 |   0.0 |       0 |      23 |   0.0 |   543
               +---------+---------+-------+---------+---------+-------+---------
